 Dungeon Crawl Stone Soup version 0.30-a0-986-g7f2e898f52 (webtiles) character file.

Game seed: 6403988534844900271

58 Mickster the Grave Robber (level 3, -13/28 HPs)
             Began as a Demigod Necromancer on Apr 1, 2023.
             Blown up by Ijyb (19 damage)
             ... with a mindburst bolt
             ... on level 3 of the Dungeon.
             The game lasted 00:18:28 (1573 turns).

Mickster the Grave Robber (Demigod Necromancer)     Turns: 1573, Time: 00:18:28

Health: -13/28     AC:  8    Str:  9    XL:     3   Next: 51%
Magic:  4/8        EV: 11    Int: 21    God:
Gold:   113        SH:  0    Dex: 14    Spells: 5/6 levels left

rFire   . . .      SeeInvis .    h - +2 short sword (freeze)
rCold   . . .      Faith    .    (no shield)
rNeg    . . .      Spirit   .    f - +0 leather armour
rPois   .          Reflect  .    (no helmet)
rElec   .          Rampage  .    (no cloak)
rCorr   .                        g - +0 pair of gloves
Will    .....                    (no boots)
Stlth   ++                       (no amulet)
HPRegen 0.24/turn                e - +4 ring of protection
MPRegen 0.11/turn                (no ring)

@: about to teleport
A: high MP 1, forlorn, divine attributes
a: no special abilities


You were on level 3 of the Dungeon.
You visited 1 branch of the dungeon, and saw 3 of its levels.

You collected 113 gold pieces.

Inventory:

Hand Weapons
 d - a +2 dagger of venom
 h - a +2 short sword of freezing (weapon)
 k - a +0 rapier
Armour
 a - a +0 robe
 f - a +0 leather armour (worn)
 g - a +0 pair of gloves (worn)
Jewellery
 e - a +4 ring of protection (left hand)
Scrolls
 c - a scroll of teleportation
 j - a scroll of immolation
Potions
 b - a potion of magic
 i - a potion of mutation {unknown}
 l - a potion of ambrosia {unknown}


   Skills:
 * Level 1.0 Fighting
 * Level 1.0 Short Blades
 + Level 2.0 Dodging
 + Level 1.8 Stealth
 + Level 2.1 Spellcasting
 + Level 4.2 Necromancy


You had 5 spell levels left.
You knew the following spells:

 Your Spells              Type           Power      Damage    Failure   Level
a - Necrotise             Necr           80%        1d8       3%          1

Your spell library contained the following spells:

 Spells                   Type           Power      Damage    Failure   Level
 Vampiric Draining        Necr           20%        2d7       11%         3
 Animate Dead             Necr           20%        N/A       34%         4
 Agony                    Necr           20%        N/A       69%         5


Dungeon Overview and Level Annotations

Branches:
Dungeon (3/15)

Annotations:
D:3 Ijyb


Innate Abilities, Weirdness & Mutations

You have an increased reservoir of magic. (+10% MP)
You shall have no god before yourself.
Your divine heritage dramatically boosts your attributes as you level up.


Message History

You kill the worm!
Your Short Blades skill increases to level 1!
You see here a worm corpse.
A goblin comes into view.
It is wielding a +1 dagger of holy wrath.
The goblin shouts!
You hear a shout!
Casting: Necrotise (safe; 3% risk of failure)
Confirm with . or Enter, or press ? or * to list all spells.
Aiming: Necrotise (safe; 3% risk of failure)
Press: ? - help, Shift-Dir - straight line, f - goblin
Aim: a goblin, wielding a +1 dagger of holy wrath (chance to affect: 89%)
The goblin writhes in agony.
You kill the goblin!
The dead are walking!
Your Fighting skill increases to level 1!
Ijyb the Twisted Goblin comes into view.
She is wielding a +0 dagger and carrying a wand of mindburst (13).
Your goblin skeleton hits Ijyb but does no damage.
Your goblin skeleton hits Ijyb but does no damage.
Casting: Necrotise (safe; 3% risk of failure)
Confirm with . or Enter, or press ? or * to list all spells.
Aiming: Necrotise (safe; 3% risk of failure)
Press: ? - help, Shift-Dir - straight line, f - Ijyb
Aim: Ijyb, wielding a +0 dagger, wearing a +0 ring mail and carrying a wand of mindburst (13) (ally target, chance to affect: 84%) Ijyb writhes in agony.
Ijyb misses you.
Your goblin skeleton hits Ijyb but does no damage.
Casting: Necrotise (safe; 3% risk of failure)
Confirm with . or Enter, or press ? or * to list all spells.
Aiming: Necrotise (safe; 3% risk of failure)
Press: ? - help, Shift-Dir - straight line, f/p - Ijyb
Aim: Ijyb, wielding a +0 dagger, wearing a +0 ring mail and carrying a wand of mindburst (13) (lightly wounded, ally target, chance to affect: 84%) Ijyb barely resists.
Ijyb zaps a wand.
Your mind is blasted!
Ouch! That really hurt!
As you read the scroll of teleportation, it crumbles to dust.
You feel strangely unstable. Ijyb hits you but does no damage.
Your goblin skeleton hits Ijyb but does no damage.
Ijyb zaps a wand.
Your mind is blasted!
* * * LOW HITPOINT WARNING * * *
Your goblin skeleton barely misses Ijyb.
Ijyb zaps a wand.
Your mind is blasted!
Ouch! That really hurt!
You die...

###.######..^#.## #####
#..†............# .....
#.#.#............[
......###.#.#.####..#..##.
............#.......#..##.
......###.###..###..#.....
............#..#.#..#..###
..........#.#.......#.#..
.........@......<...#.#...
.....Zg.......... ....
#####.#........#. ....
.........#### #...
#.##......... #... #
#........##. #...
#.##.###.# # #.. #. #.# .#


You could see Ijyb (ally target) and a friendly goblin skeleton.

Vanquished Creatures
  An adder (D:2)
  A worm (D:3)
  2 dart slugs (D:1)
  An orc (D:3)
  4 ball pythons
  2 endoplasms
  6 goblins
  4 hobgoblins
  2 jackals (D:3)
  3 quokkas (D:1)
  2 bats
  2 frilled lizards
  2 kobolds (D:2)
32 creatures vanquished.

Vanquished Creatures (collateral kills)
  A jackal (D:3)
  A frilled lizard (D:2)
  A rat (D:2)
3 creatures vanquished.

Grand Total: 35 creatures vanquished

Notes
Turn   | Place    | Note
-------+----------+-------------------------------------------
     0 | D:1      | Mickster the Demigod Necromancer began the quest for the
                  | Orb.
     0 | D:1      | Reached XP level 1. HP: 14/14 MP: 5/5
   112 | D:1      | Reached skill level 4 in Necromancy
   152 | D:1      | Reached XP level 2. HP: 13/20 MP: 4/7
   766 | D:1      | You fall into a shaft and drop 1 floor!
  1028 | D:2      | Reached XP level 3. HP: 27/27 MP: 6/8
  1555 | D:3      | Reached skill level 1 in Short Blades
  1565 | D:3      | Reached skill level 1 in Fighting
  1565 | D:3      | Noticed Ijyb
  1573 | D:3      | Blown up by Ijyb

Illustrated notes

Levels and vault maps discovered:
D:1:      minmay_arrival_hallway, layout_basic
D:2:      layout_rooms
D:3:      layout_basic, uniq_ijyb

Skill      XL: |  1  2  3 |
---------------+----------+-----
Necromancy     | 4 |  4.2
Dodging        | 2 |  2.0
Spellcasting   | 2 |  2.1
Short Blades   | 1 |  1.0
Fighting       | 1 |  1.0
Stealth        | |  1.8

Action                     || total
---------------------------++-------
  Melee: Dagger            ||    11
         Short sword       ||    22
         Punch             ||     1
   Cast: Necrotise         ||    42
    Use: Scroll            ||     9
   Stab: Sleeping          ||     1
 Armour: Leather armour    ||    14
         Robe              ||     1
  Dodge: Dodged            ||    32

Table legend: (Time is in decaauts)
 A = Elapsed time spent in this place.
 B = Non-inter-level travel time spent in this place.
 C = Inter-level travel time spent in this place.
 D = Time resting spent in this place.
 E = Time spent auto-exploring this place.
 F = Levels seen in this place.
 G = Mean time per level.
                   A        B        C        D        E       F      G
               +--------+--------+--------+--------+--------+-----+--------+
         Total |   1570 |   1434 |    136 |    290 |      0 |   3 |  523.3 |
       Dungeon |   1570 |   1434 |    136 |    290 |      0 |   3 |  523.3 |
               +--------+--------+--------+--------+--------+-----+--------+

Top non-repeatable levels by time:
     D:1: 765 daAuts
     D:2: 571 daAuts
     D:3: 234 daAuts
